 Dungeon Crawl Stone Soup version 0.17.1-1-g73c8601 (webtiles) character file.

22 lordkraft the Stinger (level 2, -3/17 HPs)
             Began as an Octopode Venom Mage on Dec 13, 2015.
             Slain by Robin
             ... wielding a +0 club
              (5 damage)
             ... on level 1 of the Dungeon.
             The game lasted 00:09:29 (1444 turns).

lordkraft the Stinger (Octopode Venom Mage)         Turns: 1444, Time: 00:09:29

Health: -3/17      AC:  1    Str:  7    XL:     2   Next: 91%
Magic:  4/5        EV: 12    Int: 17    God:
Gold:   63         SH:  0    Dex: 12    Spells: 1 memorised, 4 levels left

rFire  . . .     SeeInvis .     e - +0 club
rCold  . . .     Clarity  .     (no shield)
rNeg   . . .     SustAt   .     (helmet restricted)
rPois  .         Gourm    .     (no amulet)
rElec  .         Spirit   .     (no ring)
rCorr  .         Warding  .     (no ring)
rMut   .         Stasis   .     (no ring)
MR     .....                    (no ring)
Stlth  +++.......               (no ring)
                                (no ring)
                                (no ring)
                                (no ring)

@: very slightly contaminated, not resistant to hostile enchantments, fairly
stealthy
A: almost no armour, amphibious, 8 rings, constrict 8, camouflage 1, gelatinous
body 1
a: no special abilities


You were on level 1 of the Dungeon.
You were hungry.

You visited 1 branch of the dungeon, and saw 2 of its levels.

You collected 68 gold pieces.
You donated 5 gold pieces to Zin.

Inventory:

Hand Weapons
 e - a +0 club (weapon)
Missiles
 h - 47 stones (quivered)
Potions
 c - a potion of curing
Books
 a - a Young Poisoner's Handbook

   Spells                             Type                      Level
   a - Sting                          Conjuration/Poison           1
   b - Cure Poison                    Poison                       2
   c - Mephitic Cloud                 Conjuration/Poison/Air       3
   d - Olgreb's Toxic Radiance        Poison                       4
   e - Venom Bolt                     Conjuration/Poison           5
Comestibles
 b - 2 bread rations
 f - a slice of pizza
 g - a meat ration


   Skills:
 + Level 2.2 Dodging
 + Level 2.9 Stealth
 + Level 2.1 Spellcasting
 + Level 5.4 Poison Magic


You had 4 spell levels left.
You knew the following spells:

 Your Spells              Type           Power        Failure   Level  Hunger
a - Sting                 Conj/Pois      ##..         10%         1    #......


Dungeon Overview and Level Annotations

Branches:
Dungeon (2/15)

Altars:
Zin

Annotations:
D:1 Robin


Innate Abilities, Weirdness & Mutations

You cannot wear most types of armour.
You are amphibious.
You can wear up to eight rings at the same time.
You can use your tentacles to constrict eight enemies at once.
Your skin changes colour to match your surroundings (Stealth).
Your rubbery body absorbs attacks (AC +1).


Message History

Robin is lightly wounded.
You constrict Robin. Robin hits you with a club.
* * * LOW HITPOINT WARNING * * *
The giant gecko completely misses you. Robin misses you.
Casting: Sting
Confirm with . or Enter, or press ? or * to list all spells.
Aiming: Sting
Press: ? - help, Shift-Dir - straight line, f/p - Robin
Aim: Robin, wielding a club, wearing an animal skin and wearing a helmet (lightly wounded, constricted by you)
The sting hits Robin.
Robin is moderately wounded.
You constrict Robin, but do no damage. The giant gecko barely misses you.
The giant gecko bites you.
* * * LOW HITPOINT WARNING * * *
You barely miss Robin.
Robin is moderately wounded.
You constrict Robin. Robin barely misses you.
The giant gecko bites you but does no damage.
Robin hits you with a club.
You die...

....g##.####..### #..........#
......#.# #..# #.......####
......#.####..## #.......##
...............## #........# #
....#.#####.....###........# #
###.#.# ##.......##........# #
##....###.........#........######
#.......'.......lg'..............
##....###.......@.####...#.######
###.#.# ##.>.....## ##.##.# #
...##.# ##.....## ####.# #
##.##.# ##...## ##.# # #.##.#
##+######## #..# # ##.##.#
#.##.....# #.## ......#
#.##.###.# #.# ###
.#.##########.##.# #.# #.# #..
....# #.......#.###.####.# #.#


You could see Robin and a giant gecko.

Vanquished Creatures
  A worm (D:2)
  A giant cockroach (D:1)
  5 hobgoblins
  3 bats (D:1)
  3 giant newts (D:1)
  5 goblins
  2 rats (D:2)
20 creatures vanquished.

Notes
Turn   | Place    | Note
--------------------------------------------------------------
     0 | D:1      | lordkraft the Octopode Venom Mage began the quest for the Orb.
     0 | D:1      | Reached XP level 1. HP: 11/11 MP: 3/3
   158 | D:1      | Reached skill level 5 in Poison Magic
   423 | D:1      | Reached XP level 2. HP: 17/17 MP: 5/5
  1066 | D:2      | Found a glowing silver altar of Zin.
  1158 | D:2      | Became a worshipper of Zin the Law-Giver
  1216 | D:2      | Fell from the grace of Zin
  1301 | D:2      | Noticed Robin
  1444 | D:1      | Slain by Robin

Action                   || total
-------------------------++-------
Melee: Unarmed           ||     5
       Club              ||    14
       Dagger            ||     8
 Cast: Sting             ||    22
Invok: Renounce Religion ||     1
  Use: Scroll            ||     4
       Potion            ||     1
 Stab: Sleeping          ||     1
  Eat: Chunk             ||     1
